 Dungeon Crawl Stone Soup version 0.19.5 (webtiles) character file.

50 HouseofHex the Conjurer (level 3, 0/15 HPs)
             Began as a Felid Conjurer on Apr 3, 2017.
             Succumbed to an adder's poison
             ... on level 3 of the Dungeon.
             The game lasted 00:09:09 (3617 turns).

HouseofHex the Conjurer (Felid Conjurer)            Turns: 3617, Time: 00:09:10

Health: 0/15       AC:  1    Str:  4    XL:     3   Next: 55%
Magic:  1/7        EV: 19    Int: 17    God:
Gold:   95         SH:  0    Dex: 16    Spells: 2 memorised, 3 levels left
                                        Lives:  0   Deaths: 1

rFire  . . .     SeeInvis +       - Unarmed
rCold  . . .     Gourm    .     (armour unavailable)
rNeg   . . .     Faith    .     (shield unavailable)
rPois  .         Spirit   .     (helmet unavailable)
rElec  .         Reflect  .     (cloak unavailable)
rCorr  .         Harm     .     (gloves unavailable)
MR     .....                    (boots unavailable)
Stlth  +++.......               (no amulet)
                                (no ring)
                                d - ring of flight

@: lethally poisoned (0 -> -6), very slightly contaminated, invisible, quick
A: no armour, no weapons or thrown items, stealth, claws 1, fangs 3, see
invisible, carnivore 3, speed 1, shaggy fur 1, slow metabolism 1, sharp paws
a: Evoke Flight


You were on level 3 of the Dungeon.
You were not hungry.

You visited 1 branch of the dungeon, and saw 3 of its levels.

You collected 95 gold pieces.

Inventory:

Jewellery
 d - a ring of flight (left paw)
Scrolls
 i - a scroll of fear {unknown}
 j - 2 scrolls of remove curse {unknown}
 l - a scroll of recharging {unknown}
 m - a scroll of immolation {unknown}
Potions
 e - a potion of heal wounds {unknown}
 k - a potion of brilliance
Books
 a - a book of Conjurations

   Spells                             Type                      Level
   a - Magic Dart                     Conjuration                  1
   b - Searing Ray                    Conjuration                  2
   c - Dazzling Spray                 Conjuration/Hexes            3
   d - Fulminant Prism                Conjuration/Hexes            4
   e - Iskenderun's Mystic Blast      Conjuration                  4
   f - Iskenderun's Battlesphere      Conjuration/Charms           5
Comestibles
 b - a meat ration
 f - 4 beef jerkies
 g - 2 slices of pizza


   Skills:
 * Level 1.1 Fighting
 * Level 3.5 Dodging
 * Level 3.6 Stealth
 * Level 1.6 Unarmed Combat
 * Level 2.2 Spellcasting
 * Level 4.1 Conjurations


You had 3 spell levels left.
You knew the following spells:

 Your Spells              Type           Power        Failure   Level  Hunger
a - Magic Dart            Conj           ###.         3%          1    #......
b - Searing Ray           Conj           ###...       6%          2    ###....


Dungeon Overview and Level Annotations

Branches:
Dungeon (3/15)

Altars:

Annotations:
D:3 HouseofHex's ghost, weakling FeCj


Innate Abilities, Weirdness & Mutations

You cannot wear armour.
You are incapable of wielding weapons or throwing items.
Your paws allow you to move quietly. (Stealth)
You have sharp claws.
You have razor-sharp teeth.
You have supernaturally acute eyesight. (SInv)
You are carnivorous and can eat meat at any time.
You cover ground quickly.
You are covered in fur. (AC +1)
You have a slow metabolism.
Your sharp claws are effective at attacking unaware monsters.


Message History

Aim: an adder (severely wounded)
The searing ray misses the adder. (Press . to maintain the ray.)
The adder misses you.
Without enough magic to sustain it, your searing ray dissipates.
The adder bites you. x2
* * * LOW HITPOINT WARNING * * *
You are lethally poisoned!
The adder poisons you!
* * * LOW HITPOINT WARNING * * *
You feel sick. The adder closely misses you.
* * * LOW HITPOINT WARNING * * *
You feel sick.
It was a potion of invisibility.
You fade into invisibility!
The adder barely misses you.
You are very lightly contaminated with residual magic.
* * * LOW HITPOINT WARNING * * *
You feel sick.
You die...

.#####.... ..(......
........ .....†######
#####.......# ....
##...........+ #...
..............S#####
#...#.............###...#
...... .........@.# #.#.#
...... ...........# #.#.#
.....###..........# #.#.#
...........#......# #.#.#
..................# #.#.#
..................###.#.#
........###...........#.#
........# #############.#
......#######..<#.......#


You could see an adder (wandering).

Vanquished Creatures
  2 adders
  An ooze (D:2)
  3 worms (D:3)
  2 dart slugs (D:1)
  A leopard gecko (D:1)
  An orc (D:3)
  3 giant cockroaches
  9 goblins
  5 hobgoblins
  8 jackals
  2 ball pythons
  6 bats
  4 frilled lizards
  2 kobolds
  12 rats
61 creatures vanquished.

Notes
Turn   | Place    | Note
-------+----------+-------------------------------------------
     0 | D:1      | HouseofHex the Felid Conjurer began the quest for the Orb.
     0 | D:1      | Reached XP level 1. HP: 7/7 MP: 4/4
   794 | D:1      | Reached XP level 2. HP: 8/11 MP: 6/6
   798 | D:1      | Learned a level 2 spell: Searing Ray
  1572 | D:1      | Reached skill level 4 in Conjurations
  2027 | D:2      | Reached XP level 3. HP: 12/15 MP: 7/7
  2238 | D:2      | Reached skill level 1 in Fighting
  2400 | D:2      | Reached skill level 1 in Unarmed Combat
  2827 | D:3      | Reached XP level 4. HP: 19/19 MP: 3/8
  3196 | D:3      | Noticed HouseofHex's ghost (weakling FeCj)
  3261 | D:3      | Killed from afar by HouseofHex's ghost
  3262 | D:3      | Reached XP level 3. HP: -1/15 MP: 7/7
  3617 | D:3      | Succumbed to an adder's poison

Skill      XL: |  1  2  3 |
---------------+----------+-----
Conjurations   | 4 |  4.1
Stealth        | 3 |  3.6
Dodging        | 3 |  3.5
Fighting       | 1 |  1.1
Unarmed Combat | 1 |  1.6
Spellcasting   | |  2.2

Action                   |  1- 3 |  4- 6 || total
-------------------------+-------+-------++-------
Melee: Unarmed           |   154 |     2 ||   156
       Bite              |    19 |       ||    19
 Cast: Magic Dart        |    17 |       ||    17
       Searing Ray       |     8 |     3 ||    11
  Use: Potion            |     2 |     1 ||     3
       Scroll            |     1 |     1 ||     2
 Stab: Sleeping          |    11 |     2 ||    13
       Distracted        |     1 |       ||     1
  Eat: Chunk             |     6 |       ||     6
Armor: Skin              |     8 |       ||     8
Dodge: Dodged            |   152 |     1 ||   153
